 Dungeon Crawl Stone Soup version 0.18.1-50-g88ac8fd (webtiles) character file.

2226 cedor the Ducker (level 9, 0/61 HPs)
             Began as a Demonspawn Gladiator on Sept 21, 2016.
             Was a Priest of Okawaru.
             Killed by vampiric draining
             ... invoked by a vampire
              (9 damage)
             ... on level 9 of the Dungeon.
             The game lasted 00:35:54 (5520 turns).

cedor the Ducker (Demonspawn Gladiator)             Turns: 5520, Time: 00:35:55

Health: 0/61       AC: 12    Str: 15    XL:     9   Next: 13%
Magic:  12/12      EV: 22    Int: 12    God:    Okawaru [***...]
Gold:   170        SH:  0    Dex: 15    Spells: 0 memorised, 8 levels left

rFire  . . .     SeeInvis .     a - +2 short sword (speed)
rCold  . . .     Gourm    .     v - +0 robe
rNeg   . . .     Faith    .     (no shield)
rPois  .         Spirit   .     (helmet restricted)
rElec  .         Dismiss  .     J - +0 cloak
rCorr  .         Reflect  .     g - +0 pair of gloves
SustAt .         Harm     .     j - +0 pair of boots
MR     .....                    (no amulet)
Stlth  +++++.....               (no ring)
                                m - +2 ring of evasion

@: heroism, not resistant to hostile enchantments, quite stealthy
A: antennae 2, iridescent scales 2, demonic guardian 1
a: Heroism, Renounce Religion


You were on level 9 of the Dungeon.
You worshipped Okawaru.
Okawaru was most pleased with you.
You were not hungry.

You visited 1 branch of the dungeon, and saw 10 of its levels.

You collected 314 gold pieces.
You spent 144 gold pieces at shops.


Innate Abilities, Weirdness & Mutations

You have a pair of antennae on your head.
You are mostly covered in iridescent scales (AC +6).
A weak demonic guardian rushes to your aid.


   Skills:
 - Level 2.2(7.2) Fighting
 + Level 5.8(11.2) Short Blades
 - Level 3.1(9.9) Long Blades
 - Level 1.9(6.9) Throwing
 + Level 6.9(11.9) Dodging
 + Level 6.1(11.1) Stealth
 - Level 4.2 Invocations


You had 8 spell levels left.
You didn't know any spells.

Inventory:

Hand Weapons
 a - a +2 short sword of speed (weapon)
 b - a +0 dagger
 r - a +0 falchion of protection
 x - a +0 long sword
 y - a +0 blowgun
 D - a +0 long sword of slicing
Missiles
 d - 4 throwing nets {=f}
 e - 122 stones
 u - 14 poisoned needles
 A - 3 tomahawks (quivered)
Armour
 g - a +0 pair of gloves (worn)
 j - a +0 pair of boots (worn)
 v - a +0 robe (worn)
 J - a +0 cloak (worn)
Jewellery
 m - a +2 ring of evasion (left hand)
Wands
 l - a wand of polymorph (0/24)
Scrolls
 k - a scroll of teleportation {@r4}
 n - a scroll of noise {unknown}
 p - a scroll of immolation {unknown}
 q - a scroll of blinking {unknown}
 t - a scroll of fog
 G - a scroll of enchant armour {unknown}
 I - a scroll of identify {@r1}
Potions
 h - a potion of curing {@q1}
 o - a potion of magic
 s - a potion of brilliance
 B - a potion of flight
 C - a potion of lignification {!q}
 E - a potion of mutation {!q}
 F - a potion of agility
Comestibles
 f - 6 bread rations
 w - 10 royal jellies
 z - 4 beef jerkies

Dungeon Overview and Level Annotations

Branches:
Dungeon (10/15)              Lair (0/8) D:8
 Temple: D:4-7          Orc: D:9-12

Altars:
Cheibriados
Dithmenos
Okawaru
Ru
Sif Muna
Trog
Xom
Yredelemnul

Shops:
D:7 *:   D:8 ?[%=

Annotations:
D:7 exclusion: jelly
D:9 go0n's ghost, novice MiFi

▒....▒.....▒.....▒
▒....▒.....'.....▒
▒....▒...).▒.....▒
▒....▒.....▒.....▒
▒....▒.....▒.....▒
▒....▒.....▒▒....▒
▒.>.(▒......▒....▒
▒....▒......▒....▒
▒..6{▒......▒....▒
+........▒▒+▒▒▒▒▒
8..........
▒▒▒..........
▒.'..........
▒.▒...(......
▒.▒▒▒▒▒...... ▒
.▒▒▒▒▒


There were no monsters in sight!


Message History

Drink which item? (? for menu, Esc to quit)
You feel much better. Something hits you!
* * * LOW HITPOINT WARNING * * *
Something bites you but does no damage.
Drink which item? (? for menu, Esc to quit)
Okay, then.
You barely miss something. You completely miss something.
Something barely misses you. Something bites you but does no damage.
Evoke which item? (* to show all) (? for menu, Esc to quit)
Okay, then.
You miss something. You barely miss something. You hit something.
Something hits you but does no damage. Something bites you but does no damage.
You puncture something! You closely miss something. You closely miss something.
You hear some strange, mumbled words.
You are confused.
You completely miss something. You hit something but do no damage.
Unholy energy fills the air.
* * * LOW HITPOINT WARNING * * *
Drink which item? (? for menu, Esc to quit)
You feel better. Something hits you.
* * * LOW HITPOINT WARNING * * *
Something barely misses you.
You hit something but do no damage.
Unholy energy fills the air.
You die...

Action                   |  1- 3 |  4- 6 |  7- 9 || total
-------------------------+-------+-------+-------++-------
Melee: Rapier            |   133 |   154 |       ||   287
       Falchion          |       |    39 |   181 ||   220
       Dagger            |       |    10 |    16 ||    26
       Punch             |       |       |     6 ||     6
       Short sword       |       |       |   191 ||   191
       Long sword        |       |       |     7 ||     7
Throw: Stone             |       |    10 |     4 ||    14
       Tomahawk          |       |     5 |    25 ||    30
       Throwing net      |       |       |     1 ||     1
Invok: Heroism           |       |       |     8 ||     8
Evoke: Wand              |       |     2 |     3 ||     5
  Use: Scroll            |       |     1 |     8 ||     9
       Potion            |       |     1 |     7 ||     8
 Stab: Sleeping          |     1 |     3 |     5 ||     9
       Distracted        |       |     1 |     2 ||     3
       Confused          |       |       |     2 ||     2
  Eat: Chunk             |       |     5 |     6 ||    11
       Bread ration      |       |       |     1 ||     1
       Beef jerky        |       |       |     2 ||     2
Armor: Leather armour    |    34 |     3 |       ||    37
       Robe              |       |    45 |    77 ||   122
Dodge: Dodged            |    88 |   146 |   230 ||   464

Vault maps used:
D:1:      dpeg_arrival_pond
D:2:      lemuel_upstairs_altar, xom_butterflies, lemuel_coloured_pillars_altar,
          first_bread
D:3:      minitemple, kennysheep_cross_bottleneck, uniq_sigmund, uniq_robin
D:4:      minmay_temple_entry_glass, elyvilon_altar_5, uniq_menkaure
D:5:      nicolae_overflow_crystal_walls
D:6:      lightli_temple_of_fire, uniq_eustachio
D:7:      serial_shops, shop, nicolae_shop_trees, kennysheep_generic_room_5
D:8:      slow_altar_1, erik_lair_dragon, basic_altar, serial_shops,
          shop_fountains, nicolae_shop_scaring_up_business, shop, shop,
          hangedman_pestilent_swarm
D:9:      jmf_multi_god_temple2

Notes
Turn   | Place    | Note
--------------------------------------------------------------
     0 | D:1      | cedor the Demonspawn Gladiator began the quest for the Orb.
     0 | D:1      | Reached XP level 1. HP: 16/16 MP: 1/1
    41 | D:1      | Gained mutation: You are partially covered in iridescent scales (AC +4). [demonic ancestry]
    41 | D:1      | Reached XP level 2. HP: 17/22 MP: 2/2
    87 | D:1      | Reached skill level 3 in Short Blades
   156 | D:1      | Reached skill level 3 in Dodging
   201 | D:1      | Gained mutation: You have a pair of small antennae on your head. [demonic ancestry]
   201 | D:1      | Reached XP level 3. HP: 16/27 MP: 3/3
   422 | D:2      | Found a basalt altar of Yredelemnul.
   708 | D:2      | Found a shimmering altar of Xom.
   984 | D:3      | Reached skill level 1 in Stealth
   984 | D:3      | Gained mutation: A weak demonic guardian rushes to your aid. [demonic ancestry]
   984 | D:3      | Reached XP level 4. HP: 32/33 MP: 4/4
  1012 | D:3      | Found an iron altar of Okawaru.
  1013 | D:3      | Found a bloodstained altar of Trog.
  1014 | D:3      | Found a deep blue altar of Sif Muna.
  1036 | D:3      | Became a worshipper of Warmaster Okawaru
  1103 | D:3      | Gained mutation: You are mostly covered in iridescent scales (AC +6). [demonic ancestry]
  1103 | D:3      | Reached XP level 5. HP: 6/38 MP: 5/5
  1459 | D:5      | Entered Level 5 of the Dungeon
  1508 | D:5      | Found a sacrificial altar of Ru.
  1520 | D:5      | Noticed a centaur
  1533 | D:5      | Killed a centaur
  1533 | D:5      | Reached skill level 1 in Long Blades
  1533 | D:5      | Reached skill level 4 in Dodging
  1533 | D:5      | Reached skill level 2 in Stealth
  1922 | D:6      | Reached skill level 4 in Short Blades
  1960 | D:6      | Gained mutation: You have a pair of antennae on your head. [demonic ancestry]
  1960 | D:6      | Reached XP level 6. HP: 44/44 MP: 6/6
  2009 | D:6      | Reached * piety under Okawaru
  2021 | D:6      | Reached skill level 3 in Stealth
  2437 | D:7      | Reached skill level 1 in Invocations
  2437 | D:7      | Reached XP level 7. HP: 32/50 MP: 7/7
  2550 | D:7      | Reached skill level 5 in Dodging
  2594 | D:7      | Reached skill level 2 in Invocations
  2919 | D:8      | Reached ** piety under Okawaru
  2919 | D:8      | Reached skill level 2 in Long Blades
  2940 | D:8      | Noticed a troll
  2940 | D:8      | a soldier ant changed into a troll
  3090 | D:7      | Reached skill level 3 in Invocations
  3107 | D:7      | Reached skill level 4 in Stealth
  3269 | D:7      | Found Piadywu's Book Boutique.
  3352 | D:7      | Found Ryomuoci's General Store.
  3399 | D:7      | Bought a potion of lignification for 42 gold pieces
  3399 | D:7      | Bought a potion of mutation for 35 gold pieces
  3399 | D:7      | Bought a scroll of identify for 28 gold pieces
  3409 | D:8      | Reached XP level 8. HP: 56/56 MP: 10/10
  3437 | D:8      | Found Plog's Armour Boutique.
  3450 | D:8      | Found a snail-covered altar of Cheibriados.
  3469 | D:8      | Reached skill level 4 in Invocations
  3477 | D:8      | Reached skill level 3 in Long Blades
  3524 | D:8      | Found a shadowy altar of Dithmenos.
  3576 | D:8      | Found Zoth's Food Emporium.
  3634 | D:8      | Found Raubb's Magic Scroll Emporium.
  3643 | D:8      | Bought a scroll of random uselessness for 15 gold pieces
  3752 | D:8      | Found Asing's Jewellery Shop.
  3763 | D:8      | Bought a cursed amulet of inaccuracy for 24 gold pieces
  3834 | D:8      | Killed a troll
  3834 | D:8      | Reached skill level 6 in Dodging
  3834 | D:8      | Reached skill level 5 in Stealth
  4049 | D:8      | Reached skill level 5 in Short Blades
  4162 | D:8      | Noticed a komodo dragon
  4179 | D:8      | Killed a komodo dragon
  4179 | D:8      | Reached *** piety under Okawaru
  4563 | D:8      | Found a staircase to the Lair.
  4913 | D:9      | Reached XP level 9. HP: 61/61 MP: 12/12
  5045 | D:9      | Noticed go0n's ghost (novice MiFi)
  5092 | D:10     | Entered Level 10 of the Dungeon
  5375 | D:9      | Reached skill level 6 in Stealth
  5518 | D:9      | HP: 4/61 [something/vampiric draining (16)]
  5520 | D:9      | Killed from afar by a vampire

Vanquished Creatures
  A komodo dragon (D:8)
  A soldier ant (D:8)
  A black bear (D:9)
  A swamp drake (D:8)
  An ogre (D:7)
  A centaur (D:7)
  3 phantoms
  A crocodile (D:8)
  A giant frog (D:6)
  A big kobold (D:9)
  A scorpion (D:8)
  5 wights (D:8)
  A crimson imp (D:6)
  3 hounds
  3 orc wizards
  2 orc priests (D:3)
  An iguana (D:8)
  5 worker ants
  A worker ant zombie (D:5)
  6 adders
  2 oozes
  A dart slug (D:1)
  2 worms
  6 giant geckos
  10 orcs
  2 bats
  4 giant cockroaches
  5 goblins
  6 hobgoblins
  4 jackals (D:4)
  12 kobolds
  4 quokkas
  A giant newt (D:3)
  6 rats
105 creatures vanquished.

Vanquished Creatures (collateral kills)
  A troll (D:8)
  A hungry ghost (D:8)
  An orc warrior (D:7)
  A centaur (D:5)
  A worker ant (D:7)
  A worm (D:8)
  2 orcs
  2 kobolds (D:8)
10 creatures vanquished.

Vanquished Creatures (others)
  A big kobold (D:8)
1 creature vanquished.

Grand Total: 116 creatures vanquished
